 Dungeon Crawl Stone Soup version 0.17.0-28-g6e173f8 (console) character file.

151 Kloppie the Skirmisher (level 5, -2/47 HPs)
             Began as a Centaur Fighter on Nov 22, 2015.
             Slain by Potsanchik's ghost (4 damage)
             ... on level 4 of the Dungeon.
             The game lasted 00:03:49 (2782 turns).

Kloppie the Skirmisher (Centaur Fighter)            Turns: 2782, Time: 00:03:49

Health: -2/47      AC:  7    Str: 23    XL:     5   Next: 10%
Magic:  5/5        EV:  5    Int:  7    God:
Gold:   157        SH:  8    Dex: 10    Spells: 0 memorised, 4 levels left

rFire  . . .     SeeInvis .     a - +0 war axe
rCold  . . .     Clarity  .     j - +0 scale mail
rNeg   . . .     SustAt   .     c - +0 shield
rPois  .         Gourm    .     r - +0 helmet
rElec  .         Spirit   .     (no cloak)
rCorr  .         Warding  .     (no gloves)
rMut   .         Stasis   .     (no barding)
MR     +....                    (no amulet)
Stlth  ..........               (no ring)
                                v - ring of protection from magic

@: mighty, lethally poisoned (-2 -> -6), very quick, somewhat resistant to
hostile enchantments, extremely unstealthy
A: hooves 3, deformed body, speed 2, tough skin 3
a: no special abilities


You were on level 4 of the Dungeon.
You were hungry.

You visited 1 branch of the dungeon, and saw 4 of its levels.

You collected 157 gold pieces.

Inventory:

Hand Weapons
 a - a +0 war axe (weapon)
 b - a +0 trident
Armour
 c - a +0 shield (worn)
 j - a +0 scale mail (worn)
 r - a +0 helmet (worn)
Jewellery
 v - a ring of protection from magic (left hand)
Scrolls
 g - 3 scrolls of remove curse {unknown}
 h - a scroll of noise {unknown}
 i - 9 scrolls of identify {unknown}
 n - a scroll of fog {unknown}
 p - 5 scrolls of teleportation {unknown}
 q - a scroll of enchant armour {unknown}
 t - a scroll of immolation {unknown}
 u - a scroll of magic mapping {unknown}
Potions
 l - 2 potions of agility {unknown}
 o - a potion of mutation {unknown}
 s - a potion of degeneration {unknown}
Comestibles
 e - 3 bread rations
 f - 2 meat rations
 k - a slice of pizza
 m - 2 fruits


   Skills:
 + Level 4.6 Fighting
 + Level 3.5 Axes
 - Level 2.1 Armour
 - Level 2.1 Shields


You had 4 spell levels left.
You didn't know any spells.

Dungeon Overview and Level Annotations

Branches:
Dungeon (4/15)
 Temple: D:4-7

Altars:

Annotations:
D:4 Potsanchik's ghost, amateur SpGl


Innate Abilities, Weirdness & Mutations

You have hooves in place of feet.
Armour fits poorly on your strangely shaped body.
You cover ground very quickly.
You have extremely tough skin (AC +3).


Message History

Your shield and scale mail prevent you from hitting Potsanchik's ghost.
Potsanchik's ghost is almost destroyed.
You barely miss the adder.
You feel sick. You block the adder's attack.
You block Potsanchik's ghost's attack. The adder bites you but does no damage.
You closely miss Potsanchik's ghost. Your kick misses Potsanchik's ghost.
Potsanchik's ghost is almost destroyed.
You hit the adder.
The adder is moderately wounded.
You feel sick. The adder bites you.
* * * LOW HITPOINT WARNING * * *
Potsanchik's ghost hits you but does no damage.
The adder bites you but does no damage.
You completely miss Potsanchik's ghost. Your kick misses Potsanchik's ghost.
Potsanchik's ghost is almost destroyed.
You closely miss the adder.
The adder is moderately wounded.
You feel sick. Potsanchik's ghost hits you.
* * * LOW HITPOINT WARNING * * *
The adder barely misses you. Potsanchik's ghost hits you.
You die...

...# #... #... #...
###..### ##......##
#........######
#.........W@S.#
........#####.##
######### #..####
#### ##....##.....
####.....#
############......#
.......<.....###..#
############## .>#
.#


You could see Potsanchik's ghost and an adder.

Vanquished Creatures
  An orc priest (D:2)
  An orc wizard (D:3)
  4 adders
  2 worms (D:2)
  4 giant geckos
  3 orcs (D:3)
  A ball python (D:1)
  4 bats
  3 giant cockroaches
  7 goblins
  5 hobgoblins
  4 jackals (D:1)
  4 kobolds
  5 giant newts
  2 quokkas (D:3)
  9 rats
59 creatures vanquished.

Notes
Turn   | Place    | Note
--------------------------------------------------------------
     0 | D:1      | Kloppie the Centaur Fighter began the quest for the Orb.
     0 | D:1      | Reached XP level 1. HP: 19/19 MP: 1/1
   165 | D:1      | Reached XP level 2. HP: 20/26 MP: 2/2
   650 | D:2      | Reached XP level 3. HP: 14/33 MP: 3/3
   969 | D:2      | Reached skill level 4 in Fighting
  1329 | D:2      | Reached XP level 4. HP: 35/40 MP: 4/4
  2428 | D:3      | Reached XP level 5. HP: 47/47 MP: 5/5
  2760 | D:4      | Noticed Potsanchik's ghost (amateur SpGl)
  2782 | D:4      | HP: 2/47 [Potsanchik's ghost (5)]
  2782 | D:4      | Slain by Potsanchik's ghost

Action                   |  1- 3 |  4- 6 || total
-------------------------+-------+-------++-------
Melee: War axe           |    95 |    94 ||   189
  Use: Potion            |       |     1 ||     1
  Eat: Chunk             |     1 |     3 ||     4
